 Dungeon Crawl Stone Soup version 0.31-a0-524-g2a164cf6a2 (webtiles) character file.

Game seed: 12692105276321029198

26208 Seven7 the Cleaver (level 12, 0/111 HPs)
             Began as a Minotaur Fighter on Aug 12, 2023.
             Was a High Priest of Okawaru.
             Killed from afar by a frost giant (13 damage)
             ... with a bolt of cold
             ... in an ice cave.
             The game lasted 00:58:37 (11338 turns).

Seven7 the Cleaver (Minotaur Fighter)              Turns: 11338, Time: 00:58:38

Health: 0/111      AC: 26    Str: 26    XL:     12   Next: 96%
Magic:  14/15      EV: 14    Int: 11    God:    Okawaru [*****.]
Gold:   786        SH: 15    Dex: 10    Spells: 11/11 levels left

rFire   . . .        c - +0 broad axe
rCold   + . .        y - +2 kite shield
rNeg    . . .        w - +2 chain mail {rC+}
rPois   .            (helmet restricted)
rElec   .            v - +2 cloak
rCorr   .            e - +1 pair of gloves {hurl}
SInv    .            q - +2 pair of boots {Fly}
Will    .....        (no amulet) Stlth
                     t - +6 ring of intelligence
HPRegen 0.38/turn    (no ring)
MPRegen 0.14/turn

%: no passive effects
@: heroic, flying
A: horns 2, retaliatory headbutt
a: Renounce Religion, Heroism, Finesse, Duel


You were in an ice cave.
You worshipped Okawaru.
Okawaru was extremely pleased with you.
You visited 3 branches of the dungeon, and saw 13 of its levels.
You also visited: Ice Cave.

You collected 831 gold pieces.
You spent 45 gold pieces at shops.

Inventory:

Hand Weapons
 a - a +4 dire flail
 c - a +0 broad axe (weapon)
Missiles
 f - 7 curare-tipped darts
 m - 40 poisoned darts
 C - a throwing net
Armour
 e - a +1 pair of gloves of hurling (worn)
 q - a +2 pair of boots of flying (worn)
 v - a +2 cloak (worn)
 w - a +2 chain mail of cold resistance (worn)
 y - a +2 kite shield (worn)
Jewellery
 r - a ring of fire
 t - a +6 ring of intelligence (left hand)
Wands
 n - a wand of polymorph (5)
 s - a wand of digging (3)
 B - a wand of flame (25)
 I - a wand of mindburst (2)
Scrolls
 g - 2 scrolls of enchant armour
 i - a scroll of brand weapon {unknown}
 j - 3 scrolls of amnesia
 l - 5 scrolls of fog
 p - 2 scrolls of fear
 u - a scroll of vulnerability
 z - a scroll of teleportation
 D - a scroll of blinking {unknown}
 E - a scroll of immolation {unknown}
 F - a scroll of poison {unknown}
Potions
 b - a potion of berserk rage
 d - 4 potions of might
 h - 3 potions of magic
 k - a potion of heal wounds
 o - 2 potions of lignification
 x - 4 potions of curing
 A - 3 potions of brilliance
 G - a potion of haste
 H - 3 potions of enlightenment


   Skills:
 + Level 11.7(16.7) Fighting
 + Level 11.9(16.9) Axes
 + Level 11.8(16.8) Armour
 + Level 11.1(16.1) Dodging
 + Level 11.6(16.6) Shields
 - Level 6.0 Invocations


You had 11 spell levels left.
You didn't know any spells.
Your spell library contained the following spells:

 Spells                   Type           Power      Damage    Failure   Level
 Apportation              Tloc           0%         N/A       82%         1
 Sting                    Tmut/Pois      0%         1d3       82%         1
 Blink                    Tloc           0%         N/A       91%         2
 Cigotuvi's Dreadful Rot  Necr/Pois/Air  0%         N/A       91%         2
 Ensorcelled Hibernation  Hex/Ice        0%         N/A       91%         2
 Lesser Beckoning         Tloc           0%         N/A       91%         2
 Momentum Strike          Conj/Tloc      0%         3d8       91%         2
 Passwall                 Tmut/Erth      0%         N/A       91%         2
 Swiftness                Air            0%         N/A       99%         3
 Vampiric Draining        Necr           0%         2d6       99%         3
 Cause Fear               Hex            0%         N/A       100%        4
 Dispel Undead            Necr           0%         3d6       100%        4
 Manifold Assault         Tloc           0%         N/A       100%        4
 Passage of Golubria      Tloc           0%         N/A       100%        4
 Alistair's Intoxication  Tmut/Pois      0%         N/A       100%        5
 Fireball                 Conj/Fire      0%         3d3       100%        5
 Yara's Violent Unravell  Hex/Tmut       0%         3d3       100%        5
 Dispersal                Tloc           0%         N/A       100%        6
 Leda's Unmaking          Conj/Erth      0%         9d1       100%        6
 Disjunction              Tloc           0%         N/A       100%        8
 Tukima's Dance           Hex            Unusable   N/A       N/A         3
 Death Channel            Necr           Unusable   N/A       N/A         6
 Haunt                    Necr/Summ      Unusable   N/A       N/A         7
 Dragon's Call            Summ           Unusable   N/A       N/A         9

Dungeon Overview and Level Annotations

Branches:
Dungeon (10/15)            Temple (1/1) D:7            Lair (2/5) D:10
    Orc (0/2) D:10          IceCv (1/1)
  Swamp: Lair:2-3    Shoals: Lair:2-3     Snake: Lair:2-3    Spider: Lair:2-3

Altars:
Ashenzari
Cheibriados
Dithmenos
Elyvilon
Fedhas
Gozag
Hepliaklqana
Kikubaaqudgha
Makhleb
Nemelex Xobeh
Okawaru
Qazlal
Ru
Sif Muna
Trog
Uskayaw
Vehumet
Wu Jian
Xom
Yredelemnul
Zin
The Shining One

Shops:
D:9 !


Innate Abilities, Weirdness & Mutations

You have a pair of horns on your head.
You reflexively headbutt those who attack you in melee.


Message History

The frost giant casts a spell at you. The bolt of cold misses you.
You gain the combat prowess of a mighty hero.
You block the frost giant's attack.
You hit the frost giant.
The frost giant is moderately wounded.
The frost giant casts a spell at you. The bolt of cold misses you.
You barely miss the frost giant.
The frost giant is moderately wounded.
The frost giant casts a spell at you. The bolt of cold hits you. You resist.
You completely miss the frost giant.
The frost giant is moderately wounded.
The frost giant gestures at you while chanting.
The bolt of cold misses you.
You hit the frost giant but do no damage.
The frost giant is moderately wounded.
The frost giant misses you.
You hit the frost giant. You headbutt the frost giant.
The frost giant is heavily wounded.
You slash the frost giant!
The frost giant is heavily wounded.
The frost giant gestures at you while chanting.
The bolt of cold hits you but does no damage.
You resist.
You hit the frost giant but do no damage.
Your headbutt misses the frost giant.
The frost giant is heavily wounded.
The frost giant hits you with a +1 battleaxe of freezing!!
The frost giant freezes you.
You barely miss the frost giant.
You headbutt the frost giant, but do no damage.
The frost giant is heavily wounded.
The frost giant gestures at you while chanting.
The bolt of cold hits you!! You resist.
* * * LOW HITPOINT WARNING * * *
The frost giant casts a spell at you. The bolt of cold hits you! You resist.
You die...

##..####.÷## ##....÷###
##..### ##...# ###### #..###
##≈≈#≈## ##...## ######
##≈≈≈≈≈≈## ###..#
###...h####≈≈≈≈≈≈≈≈####..##
#...#YYYhC.@≈≈≈≈≈≈≈≈≈###..##
#Y.h.#######≈≈≈≈≈≈≈≈≈≈≈####..#
#.Ch### #######..#####~~.##
.Y. ##~~≈#~~#### .h
#..~#~~~~## ###.~~#~#~#
....#####~# ..#.. ### # ###


You could see a frost giant, 2 polar bears and 3 yaks.

Vanquished Creatures
  Harold (D:9)
  2 two-headed ogres
  A boulder beetle (D:9)
  5 death yaks (IceCv)
  Pikel (D:9)
  8 elephants (Lair:1)
  A cane toad (D:10)
  Maggie (D:6)
  2 komodo dragons (D:10)
  6 rime drakes
  A burning bush (Lair:1)
  9 polar bears (IceCv)
  A troll (D:10)
  A hornet (D:10)
  2 shadows (D:10)
  2 wraiths (D:10)
  A wyvern (D:9)
  Grum (D:9)
  29 yaks
  3 steam dragons
  A basilisk (Lair:1)
  4 vampire mosquitoes (D:10)
  Menkaure (D:7)
  A two-headed ogre zombie (D:10)
  An acid dragon (D:8)
  A water moccasin (D:10)
  Duvessa (D:4)
  An ice beast (D:6)
  2 orc warriors
  A sky beast (D:4)
  17 wolves
  4 centaurs
  7 ogres
  A lemure (D:9)
  A phantom (D:10)
  3 kobold brigands
  A scorpion (D:6)
  4 gnoll sergeants
  8 bullfrogs
  8 wights
  A troll zombie (D:10)
  Dowan (D:4)
  5 killer bees (D:9)
  8 hounds
  Crazy Yiuf (D:4)
  6 gnoll boudas
  5 orc priests
  7 iguanas
  3 sleepcaps
  9 orc wizards
  4 hell rats (Lair:1)
  6 ogre zombies (D:10)
  16 gnolls
  9 adders
  2 white imps
  3 worms
  3 dart slugs (D:3)
  28 orcs
  13 endoplasms
  4 giant cockroaches
  18 hobgoblins
  10 jackals
  3 quokkas
  A ball python (D:3)
  6 bats
  6 frilled lizards
  2 goblins
  3 goblin skeletons (D:10)
  2 goblin zombies (D:10)
  2 hobgoblin skeletons (D:10)
  3 hobgoblin zombies (D:10)
  25 kobolds
  2 orc skeletons (D:10)
  13 orc zombies (D:10)
376 creatures vanquished.

Notes
Turn   | Place    | Note
-------+----------+-------------------------------------------
     0 | D:1      | Seven7 the Minotaur Fighter began the quest for the Orb.
     0 | D:1      | Reached XP level 1. HP: 19/19 MP: 0/0
    95 | D:1      | Reached XP level 2. HP: 26/27 MP: 1/1
   140 | D:1      | Got the Catalogue of the Twisted Plateau
   459 | D:1      | Reached skill level 1 in Dodging
   609 | D:1      | Reached XP level 3. HP: 32/33 MP: 2/2
  1150 | D:3      | Reached XP level 4. HP: 35/40 MP: 3/3
  1321 | D:3      | Reached XP level 5. HP: 41/46 MP: 4/4
  1691 | D:3      | Found a bloodstained altar of Trog.
  1784 | D:3      | Found a shimmering blue altar of Sif Muna.
  1788 | D:3      | Got Sif Muna's Tome of the Coward
  2071 | D:4      | Noticed a sky beast
  2081 | D:4      | Killed a sky beast
  2082 | D:4      | Reached XP level 6. HP: 43/53 MP: 5/5
  2213 | D:4      | Found a sacrificial altar of Ru.
  2507 | D:4      | Found a runed translucent door.
  2508 | D:4      | Noticed Crazy Yiuf
  2527 | D:4      | Killed Crazy Yiuf
  2607 | D:5      | Entered Level 5 of the Dungeon
  2638 | D:5      | Reached XP level 7. HP: 60/60 MP: 6/6
  2646 | D:5      | Noticed Duvessa
  2647 | D:5      | Noticed Dowan
  2707 | D:5      | Reached skill level 5 in Axes
  2711 | D:4      | Killed Duvessa
  2712 | D:4      | Reached skill level 5 in Fighting
  2712 | D:4      | Reached skill level 5 in Armour
  2712 | D:4      | Reached skill level 5 in Shields
  2712 | D:4      | Killed Dowan
  2713 | D:4      | Reached skill level 5 in Dodging
  3227 | D:5      | Reached XP level 8. HP: 69/69 MP: 7/7
  3704 | D:6      | Noticed Maggie
  3726 | D:6      | Killed Maggie
  4730 | D:7      | Reached XP level 9. HP: 70/78 MP: 8/8
  4790 | D:7      | Noticed a rime drake
  4791 | D:7      | Noticed a rime drake
  4792 | D:7      | Noticed a rime drake
  4811 | D:7      | Noticed a rime drake
  4811 | D:7      | Noticed a rime drake
  4811 | D:7      | Noticed a rime drake
  4814 | D:7      | Found the +4 skin of Zhor {*Englaciate rC+++ SInv}
  4864 | D:7      | Found a shadowy altar of Dithmenos.
  4867 | D:7      | Found a staircase to the Ecumenical Temple.
  4899 | Temple   | Entered the Ecumenical Temple
  4909 | Temple   | Became a worshipper of Warmaster Okawaru
  4926 | D:7      | Noticed Menkaure
  4931 | D:7      | Killed Menkaure
  4973 | D:7      | Reached skill level 1 in Invocations
  5046 | D:6      | Killed a rime drake
  5046 | D:6      | Reached * piety under Okawaru
  5048 | D:6      | Killed a rime drake
  5236 | D:6      | Killed a rime drake
  5371 | D:7      | Killed a rime drake
  5373 | D:7      | Killed a rime drake
  5373 | D:7      | Reached ** piety under Okawaru
  5455 | D:7      | Reached XP level 10. HP: 46/88 MP: 11/11
  6365 | D:8      | Noticed a two-headed ogre
  6380 | D:8      | Killed a two-headed ogre
  6380 | D:8      | Reached *** piety under Okawaru
  6878 | D:9      | Found Tuggiq's Distillery.
  6886 | D:9      | Bought a potion of curing for 45 gold pieces
  6970 | D:9      | Found a radiant altar of Vehumet.
  6992 | D:9      | Found a snail-covered altar of Cheibriados.
  6993 | D:9      | Found a broken altar of Ashenzari.
  7053 | D:9      | Noticed Harold
  7073 | D:9      | Killed Harold
  7073 | D:9      | Reached **** piety under Okawaru
  7333 | D:9      | Noticed Pikel
  7344 | D:9      | Killed Pikel
  7462 | D:9      | Reached ***** piety under Okawaru
  7463 | D:9      | Reached XP level 11. HP: 79/97 MP: 13/13
  7580 | D:9      | Noticed Grum
  7598 | D:9      | Received a gift from Okawaru
  7611 | D:9      | Killed Grum
  8128 | D:9      | Reached skill level 5 in Invocations
  8214 | D:9      | Found a basalt altar of Yredelemnul.
  8216 | D:9      | Found an opulent altar of Gozag.
  8229 | D:10     | Entered Level 10 of the Dungeon
  8229 | D:10     | Noticed a boulder beetle
  8253 | D:9      | Killed a boulder beetle
  8626 | D:10     | Found a hide-covered altar of Uskayaw.
  8734 | D:10     | Found a snail-covered altar of Cheibriados.
  8805 | D:10     | Found a staircase to the Orcish Mines.
  8938 | D:10     | Noticed a two-headed ogre
  8949 | D:10     | Killed a two-headed ogre
  9084 | D:10     | Found a staircase to the Lair.
  9102 | D:10     | Reached skill level 10 in Axes
  9110 | D:10     | Reached skill level 10 in Armour
  9315 | D:10     | Reached skill level 10 in Fighting
  9425 | D:10     | Received a gift from Okawaru
  9499 | D:10     | Found an ornate altar of the Wu Jian Council.
  9507 | D:10     | Reached skill level 10 in Shields
  9847 | Lair:1   | Entered Level 1 of the Lair of Beasts
 10180 | Lair:1   | Reached XP level 12. HP: 98/107 MP: 12/15
 10188 | Lair:1   | Reached skill level 10 in Dodging
 10284 | Lair:1   | You fall into a shaft and drop 1 floor!
 10292 | Lair:1   | Found a frozen archway.
 10306 | Lair:1   | Received a gift from Okawaru
 10319 | IceCv    | Entered an ice cave
 10585 | IceCv    | Noticed a death yak
 10585 | IceCv    | Noticed a death yak
 10586 | IceCv    | Noticed a death yak
 10596 | IceCv    | Killed a death yak
 10609 | IceCv    | Killed a death yak
 10611 | IceCv    | Killed a death yak
 10859 | IceCv    | Received a gift from Okawaru
 10953 | IceCv    | Noticed a death yak
 10953 | IceCv    | Noticed a death yak
 10973 | IceCv    | Killed a death yak
 11126 | IceCv    | Killed a death yak
 11271 | IceCv    | Noticed a frost giant
 11338 | IceCv    | Killed from afar by a frost giant

Illustrated notes

Levels and vault maps discovered:
D:1:      tarquinn_simple_flora_water_d, layout_loops_ring
D:2:      layout_rooms, corexii_hall_statues_t
D:3:      layout_basic, nzn_overflow_gifts_of_might_and_magic,
          nicolae_concentric_dashed_squares_mild
D:4:      layout_basic, nicolae_ru_great_annihilating_truth,
          uniq_crazy_yiuf_cottage
D:5:      layout_cave_pools, uniq_duvessa
D:6:      layout_loops_ring, uniq_maggie
D:7:      kennysheep_housing_project, layout_rooms, kennysheep_mini,
          minmay_temple_entry_wispy, hellmonk_guarded_unrand_zhor, uniq_menkaure
D:8:      layout_rooms, minmay_misc_feat_tiny
D:9:      layout_cave_pods, nicolae_overflow_hidden_temple, serial_shops,
          nicolae_stop_n_shop_2, uniq_harold, uniq_pikel, uniq_grum
D:10:     layout_stronghold, general_overflow_altar, lair_entry_dummy,
          zombieorc2_lemuel, hangedman_feature_mirror
Temple:   nicolae_temple_x_marks_the_god
Lair:1:   layout_layer_cave, portal_ice_cave_entry_pillars_1, evilmike_ambush
          [evilmike_ambush_outer_basic, evilmike_ambush_inner_wall_1]
Lair:2:   layout_cave_pods, lemuel_fruit_fields
IceCv:    ice_cave_caverns_03

Skill      XL: |  1  2  3  4  5  6  7  8  9 10 11 12 |
---------------+-------------------------------------+-----
Dodging        | 1 2 3 4 5 6 7 8 9 11 | 11.1
Armour         | 4 5 6 8 9 10 11 | 11.8
Fighting       | 4 5 6 8 9 10 11 | 11.7
Shields        | 4 5 6 7 9 10 11 | 11.6
Axes           | 3 4 5 6 8 9 10 11 | 11.9
Invocations    | 3 4 6 |  6.0

Action                     |  1- 3 |  4- 6 |  7- 9 | 10-12 || total
---------------------------+-------+-------+-------+-------++-------
  Melee: War axe           |    75 |   105 |   102 |       ||   282
         Headbutt          |    14 |    15 |    45 |   171 ||   245
         Broad axe         |       |       |   141 |   675 ||   816
 Invoke: Heroism           |       |       |       |     6 ||     6
         Finesse           |       |       |       |     1 ||     1
    Use: Scroll            |       |       |    10 |     6 ||    16
         Potion            |       |       |       |     1 ||     1
   Stab: Paralysed         |       |     1 |       |       ||     1
 Armour: Scale mail        |    30 |    47 |    16 |       ||    93
         Chain mail        |       |       |   113 |   392 ||   505
  Dodge: Dodged            |    39 |    47 |    82 |   355 ||   523
  Block: Buckler           |    14 |    27 |     5 |       ||    46
         Kite shield       |       |       |   115 |   581 ||   696

Table legend: (Time is in decaauts)
 A = Elapsed time spent in this place.
 B = Non-inter-level travel time spent in this place.
 C = Inter-level travel time spent in this place.
 D = Time resting spent in this place.
 E = Time spent auto-exploring this place.
 F = Levels seen in this place.
 G = Mean time per level.
                   A        B        C        D        E       F      G
               +--------+--------+--------+--------+--------+-----+--------+
         Total |  11609 |  11208 |    401 |   1261 |   6970 |  14 |  829.2 |
       Dungeon |  10342 |   9950 |    392 |    971 |   6495 |  10 | 1034.2 |
        Temple |     20 |     11 |      9 |      0 |      0 |   1 |   20.0 |
          Lair |    220 |    220 |      0 |     56 |      0 |   2 |  110.0 |
      Ice Cave |   1025 |   1025 |      0 |    234 |    475 |   1 | 1025.0 |
               +--------+--------+--------+--------+--------+-----+--------+

Top non-repeatable levels by time:
     D:9: 1743 daAuts
    D:10: 1592 daAuts
     D:7: 1333 daAuts
     D:6: 1296 daAuts
   IceCv: 1025 daAuts
     D:5: 949 daAuts
     D:4: 854 daAuts
     D:3: 835 daAuts
     D:1: 747 daAuts
     D:8: 572 daAuts
     D:2: 415 daAuts
  Lair:1: 212 daAuts
  Temple: 20 daAuts
  Lair:2: 7 daAuts
